 Dungeon Crawl Stone Soup version 0.28.0-43-g3370ac3207 (webtiles) character file.

Game seed: 16797115158573680772

135 tizbic2 the Magician (level 5, 0/35 (37) HPs)
             Began as a Djinni Necromancer on Mar 3, 2022.
             Was an Initiate of Qazlal.
             Killed by miscasting Animate Dead (7 damage)
             ... on level 4 of the Dungeon on Mar 4, 2022.
             The game lasted 00:25:20 (3958 turns).

tizbic2 the Magician (Djinni Necromancer)           Turns: 3958, Time: 00:25:20

HP:   0/35 (37)     AC:  2    Str:  9    XL:     5   Next: 41%
Gold: 163           EV: 17    Int: 16    God:    Qazlal [......] SH:  0 Dex: 14

rFire   + + .      SeeInvis .   w - +0 hunting sling
rCold   x . .      Faith    .   (no shield)
rNeg    + . .      Spirit   .   k - +0 robe
rPois   ∞          Reflect  .   (no helmet)
rElec   .          Harm     .   (no cloak)
rCorr   .          Rampage  .   (no gloves)
Will    .....                   (boots unavailable)
Stlth   ++........              (no amulet)
HPRegen 0.11/turn               n - +4 ring of evasion
MPRegen 0.00/turn               e - ring of positive energy

@: flying, very slightly contaminated, drained
A: sickness immunity, fire resistance 2, cold vulnerability 1, float, innate
caster, HP casting, extra vitality 1, screaming 1
a: Renounce Religion


You were on level 4 of the Dungeon.
You worshipped Qazlal.
Qazlal was noncommittal.
You visited 1 branch of the dungeon, and saw 4 of its levels.

You collected 163 gold pieces.

Inventory:

Hand Weapons
 a - a +2 short sword of venom
 q - a +2 dagger of flaming
 u - a +1 flail of protection
 w - a +0 hunting sling (weapon)
Missiles
 b - 30 arrows
 c - 113 stones (quivered ammo)
 d - 25 bolts
 l - 36 sling bullets
Armour
 k - a +0 robe (worn)
Jewellery
 e - a ring of positive energy (right hand)
 f - a ring of protection from fire
 n - a +4 ring of evasion (left hand)
Wands
 o - a wand of mindburst (22)
 r - a wand of digging (3)
 t - a wand of flame (16)
Scrolls
 g - 2 scrolls of magic mapping
 j - 2 scrolls of fog
 s - 2 scrolls of identify
Potions
 h - a potion of magic {unknown}
 i - a potion of lignification {unknown}
 m - a potion of curing {unknown}
 p - a potion of brilliance


   Skills:
 + Level 1.5 Fighting
 + Level 1.0 Short Blades
 - Level 0.6 Maces & Flails
 + Level 3.1 Dodging
 - Level 1.6 Stealth
 + Level 1.8 Shields
 * Level 3.8 Spellcasting


You couldn't memorise any spells.
You knew the following spells:

 Your Spells              Type           Power      Damage    Failure   Level
a - Pain                  Necr           60%        1d7       3%          1
b - Animate Skeleton      Necr           30%        N/A       3%          1
c - Vampiric Draining     Necr           15%        2d7       11%         3
d - Animate Dead          Necr           7%         N/A       34%         4
e - Agony                 Necr           15%        N/A       69%         5
f - Freeze                Ice            60%        1d8       3%          1
g - Ensorcelled Hibernat  Hex/Ice        30%        N/A       5%          2
Your spell library was empty.

Dungeon Overview and Level Annotations

Branches:
Dungeon (4/15)
 Temple: D:4-7

Altars:
Qazlal
Wu Jian
Zin

Shops:
D:2 [   D:4 *


Innate Abilities, Weirdness & Mutations

You are immune to sickness and miasma.
You are immune to poison.
Your flesh is very heat resistant. (rF++)
You are vulnerable to cold. (rC-)
You float through the air rather than walking.
You learn spells naturally, not from books.
Your magical power is your life essence.
You have superior vitality. (+4 MHP)
You occasionally shout uncontrollably at your foes.


Message History

You shoot a stone. The stone hits the orc.
You kill the orc!
Qazlal accepts your kill.
Casting: Pain (safe; 3% risk of failure)
Confirm with . or Enter, or press ? or * to list all spells.
There is nothing nearby to animate!
Fire: 117 stones
Press: ? - help, Q - select action, (/) - cycle Shift-Dir - straight line, f - scorpion
Aim: a scorpion (moderately wounded, 57% to hit)
You shoot a stone. The stone closely misses the scorpion.
Fire: 116 stones
Press: ? - help, Q - select action, (/) - cycle Shift-Dir - straight line, f/p - scorpion
Aim: a scorpion (moderately wounded, 57% to hit)
You shoot a stone. The stone hits the scorpion.
The scorpion is heavily wounded.
Casting: Animate Dead (extremely dangerous; 34% risk of failure)
Confirm with . or Enter, or press ? or * to list all spells.
Aiming: Pain (safe; 3% risk of failure)
Press: ? - help, Shift-Dir - straight line, f/p - scorpion
Aim: a scorpion (heavily wounded, chance to affect: 72%)
The scorpion struggles to resist.
* * * LOW HITPOINT WARNING * * *
Fire: 115 stones
Press: ? - help, Q - select action, (/) - cycle Shift-Dir - straight line, f/p - scorpion
Aim: a scorpion (heavily wounded, 57% to hit)
You shoot a stone. The stone barely misses the scorpion.
The stone closely misses the goblin.
Fire: 114 stones
Press: ? - help, Q - select action, (/) - cycle Shift-Dir - straight line, f - goblin, p - scorpion
Aim: a goblin, wielding a +0 club (severely wounded, 50% to hit)
You shoot a stone. The stone hits the goblin.
You kill the goblin!
Qazlal accepts your kill.
Casting: Pain (safe; 3% risk of failure)
Confirm with . or Enter, or press ? or * to list all spells.
The spell is extremely dangerous to miscast (34% risk of failure)!
Continue anyway?
You miscast Animate Dead.
You are very lightly contaminated with residual magic.
Strange energies run through your body! You partially resist.
You feel drained.
You die...

.#(.........##..# ..
...(###.#(..#...##...
<...###.........#...# .
...........##.....##
#......(.#...##>.....#
....##.(.##..........#.
........).(().≈........
..........≈.(≈≈≈.......
#......##(..§§@≈.......
##.##..(...§§≈≈≈≈≈.....
###....#..§≈§§≈≈≈..... #.
#.....#...§≈§⌠.§≈.....## #..
##.........§§§_≈≈≈≈...#.# #..
#........≈§≈§≈≈≈≈≈≈.#....##.##
#.........§§§≈≈≈≈≈...........#
##.......≈§≈§§..≈.............
###......§.§§...................


There were no monsters in sight!

Vanquished Creatures
  An iguana (D:4)
  2 adders
  2 dart slugs
  3 orcs
  4 endoplasms
  4 giant cockroaches
  5 goblins
  6 hobgoblins
  7 jackals
  10 kobolds
  4 quokkas
  8 ball pythons
  8 bats
  2 frilled lizards
  2 rats
68 creatures vanquished.

Vanquished Creatures (collateral kills)
  An orc (D:4)
  3 endoplasms
  A giant cockroach (D:3)
  A goblin (D:2)
  A ball python (D:4)
  A bat (D:1)
  A rat (D:1)
9 creatures vanquished.

Grand Total: 77 creatures vanquished

Notes
Turn   | Place    | Note
-------+----------+-------------------------------------------
     0 | D:1      | tizbic2 the Djinni Necromancer began the quest for the Orb.
     0 | D:1      | Reached XP level 1. HP: 15/15 MP: 0/0
   697 | D:1      | Reached XP level 2. HP: 19/21 MP: 0/0
  1461 | D:1      | Reached XP level 3. HP: 24/25 MP: 0/0
  1461 | D:1      | Learned a level 1 spell: Freeze
  1596 | D:1      | Reached skill level 1 in Shields
  1953 | D:2      | Found Lagul's Antique Armour Shoppe.
  2228 | D:2      | Reached XP level 4. HP: 30/31 MP: 0/0
  2302 | D:2      | Reached skill level 1 in Fighting
  3365 | D:3      | Found a glowing silver altar of Zin.
  3451 | D:3      | Reached XP level 5. HP: 37/37 MP: 0/0
  3451 | D:3      | Learned a level 2 spell: Ensorcelled Hibernation
  3533 | D:3      | Found an ornate altar of the Wu Jian Council.
  3710 | D:3      | Gained mutation: You occasionally shout uncontrollably at
                  | your foes. [potion of mutation]
  3726 | D:4      | Found Mauq's Overcharged Wands.
  3784 | D:4      | Found a stormy altar of Qazlal.
  3845 | D:4      | Became a worshipper of Qazlal Stormbringer
  3943 | D:4      | Reached skill level 1 in Short Blades
  3958 | D:4      | Killed by miscasting Animate Dead

Illustrated notes

Levels and vault maps discovered:
D:1:      scummos_arrival_star, layout_basic,
          hellmonk_ecumenical_altar_arch_garden
D:2:      layout_basic, serial_shops, shop, serial_curves, eino_curves_03,
          eino_curves_02, eino_curves_02, minmay_distorted
D:3:      layout_loops_cross, mainiacjoe_overflow_alcove_4,
          mainiacjoe_overflow_tiny_flanked, minmay_fractal_squares_5
D:4:      layout_cave_pools, nicolae_qazlal_general_emergency,
          nicolae_shop_overcharged_wands

Skill      XL: |  1  2  3  4  5 |
---------------+----------------+-----
Shields        | 1 |  1.8
Fighting       | 1 |  1.5
Dodging        | 3 |  3.1
Short Blades   | 1 |  1.0
Maces & Flails | |  0.6
Stealth        | |  1.6
Spellcasting   | |  3.8

Action                   |  1- 3 |  4- 6 || total
-------------------------+-------+-------++-------
Melee: Short sword       |    18 |     7 ||    25
       Club              |     8 |       ||     8
       Unarmed           |     6 |       ||     6
       Mace              |     7 |       ||     7
       Dagger            |     2 |    13 ||    15
 Fire: Hunting sling     |       |    45 ||    45
Throw: Stone             |    21 |     7 ||    28
 Cast: Pain              |    32 |    32 ||    64
       Animate Skeleton  |     9 |    12 ||    21
       Vampiric Draining |     3 |     5 ||     8
       Freeze            |       |     3 ||     3
  Use: Scroll            |     1 |     4 ||     5
       Potion            |       |     1 ||     1
 Stab: Sleeping          |     4 |     2 ||     6
Armor: Robe              |    17 |     8 ||    25
Dodge: Dodged            |    35 |    17 ||    52
